 Dungeon Sprint DCSS version 0.27.1 (webtiles) character file.

Game seed: 10831474272460416316

287 styxcanada the Unseen (level 6, 0/33 HPs)
             Began as a Spriggan Brigand on Sept 2, 2021.
             Was an Initiate of Gozag.
             Succumbed to a scorpion's poison
             ... in the Dungeon (Sprint IV: "Fedhas' Mad Dash").
             The game lasted 00:03:08 (364 turns).

styxcanada the Unseen (Spriggan Brigand)             Turns: 364, Time: 00:03:08

Health: 0/33       AC:  3    Str:  7    XL:     6   Next: 8%
Magic:  5/7        EV: 20    Int: 13    God:    Gozag
Gold:   128        SH:  0    Dex: 18    Spells: 5/5 levels left

rFire    . . .     SeeInvis +   a - +2 dagger
rCold    . . .     Faith    .   (shield restricted)
rNeg     . . .     Spirit   .   b - +0 robe
rPois    .         Reflect  .   (helmet restricted)
rElec    .         Harm     .   c - +0 cloak
rCorr    .         Rampage  .   (gloves unavailable)
Will     +....     NoTele   +   (boots unavailable)
Stlth    ++++++....             l - amulet of invisibility {+Inv}
HPRegen  0.11/turn              (no ring)
MPRegen  0.10/turn              (no ring)

@: lethally poisoned (0 -> -8), very slightly contaminated, invisible, very
quick
A: very small, no large weapons, unfitting armour, see invisible, speed 3
a: Renounce Religion, Evoke Invisibility, Potion Petition, Call Merchant, Bribe
Branch


You were in the Dungeon.
You worshipped Gozag.
Gozag was aware of your devotion.
You visited 1 branch You collected 310 gold pieces.
You spent 182 gold pieces at shops.

Inventory:

Hand Weapons
 a - a +2 dagger (weapon)
Missiles
 d - 7 poisoned darts (quivered)
 e - 2 curare-tipped darts
Armour
 b - a +0 robe (worn)
 c - a +0 cloak (worn)
Jewellery
 l - the amulet of invisibility (around neck) {+Inv}
   (You found it in the Dungeon)

   [amulet of nothing]

   +Inv:      It lets you turn invisible.
Scrolls
 k - a scroll of blinking
 m - 2 scrolls of identify {unknown}
Potions
 f - 2 potions of curing
 g - 3 potions of heal wounds
 h - a potion of haste
 i - 2 potions of magic
 j - a potion of berserk rage
 n - a potion of flight {unknown}
 o - a potion of might


   Skills:
 * Level 3.9 Fighting
 + Level 3.8 Short Blades
 + Level 3.8 Throwing
 * Level 6.1 Dodging
 * Level 15.3 Stealth
 + Level 2.0 Evocations


You had 5 spell levels left.
You didn't know any spells.
Your spell library contained the following spells:

 Spells                   Type           Power      Damage    Failure   Level
 Portal Projectile        Hex/Tloc       0%         N/A       67%         3
 Blade Hands              Tmut           0%         N/A       100%        5
 Excruciating Wounds      Necr           0%         N/A       100%        5


Dungeon Overview and Level Annotations

Branches:
Dungeon (1/1)

Altars:
Cheibriados
Dithmenos
Elyvilon
Gozag
Hepliaklqana
Kikubaaqudgha
Makhleb
Nemelex Xobeh
Okawaru
Qazlal
Ru
Sif Muna
Trog
Uskayaw
Vehumet
Wu Jian
Xom
Yredelemnul
Zin
The Shining One
Beogh
Jiyva
Lugonu

Shops:
D (!


Innate Abilities, Weirdness & Mutations

You are very small and have problems with some larger weapons.
You are too small for most types of armour.
You have supernaturally acute eyesight. (SInv)
You cover ground extremely quickly. (Speed+++)


Message History

You start waiting.
Your magical contamination has completely faded away.
You fade into invisibility!
You are very lightly contaminated with residual magic.
As you open the door, it creaks loudly!
A wandering mushroom and a burning bush come into view.
Found 11 gold pieces.
A scorpion comes into view.
There is an open door here.
A wandering mushroom comes into view.
The wandering mushroom misses you.
You see here 8 gold pieces.
You hit the burning bush but do no damage.
The scorpion stings you.
The wandering mushroom barely misses you.
The wandering mushroom misses you.
Unknown command.
You hit the wandering mushroom but do no damage.
The scorpion misses you. The burning bush throws fire at you.
The puff of flame hits you!
The wandering mushroom completely misses you.
Unknown command.
You hit the wandering mushroom.
The wandering mushroom is lightly damaged.
The scorpion stings you!
You are lethally poisoned!
The scorpion poisons you!
You feel sick. The burning bush throws fire at you. The puff of flame hits you!
* * * LOW HITPOINT WARNING * * *
The scorpion misses you.
* * * LOW HITPOINT WARNING * * *
You feel sick. The scorpion barely misses you.
There is an open door here.
* * * LOW HITPOINT WARNING * * *
You feel sick.
You die...
Your body crumbles into a pile of gold.

#######################
_._._._.⌠.#..'...#....#
._._._._).').#...#...P+
_._._._...#..###'##s$$#
$$
._._._._..#..##∩@.f.f.#
_._._._.⌠.#############
########### $$ $


You could see 2 wandering mushrooms, a burning bush and a scorpion.

Vanquished Creatures
  2 scorpions (D)
  3 oklob saplings (D)
  2 spriggans (D)
  A river rat (D)
  A rat (D)
9 creatures vanquished.

Vanquished Creatures (others)
  A fungus (D)
1 creature vanquished.

Grand Total: 10 creatures vanquished

Notes
Turn   | Place    | Note
-------+----------+-------------------------------------------
     0 | D        | styxcanada the Spriggan Brigand began the quest for the
                  | Orb.
     0 | D        | Reached XP level 1. HP: 10/10 MP: 2/2
    18 | D        | Reached skill level 7 in Stealth
    18 | D        | Reached XP level 2. HP: 15/15 MP: 3/3
    44 | D        | Noticed an oklob sapling
    46 | D        | Killed an oklob sapling
    47 | D        | Reached skill level 9 in Stealth
    47 | D        | Reached XP level 3. HP: 19/19 MP: 4/4
    48 | D        | Noticed a scorpion
    48 | D        | Found the amulet of invisibility {+Inv}
    50 | D        | Killed a scorpion
    51 | D        | Reached skill level 12 in Stealth
    51 | D        | Reached XP level 4. HP: 23/23 MP: 5/5
    72 | D        | Found an opulent altar of Gozag.
    72 | D        | Found a hazy altar of Hepliaklqana.
    72 | D        | Found a burning altar of Makhleb.
    72 | D        | Found a sparkling altar of Nemelex Xobeh.
    72 | D        | Found a snail-covered altar of Cheibriados.
    72 | D        | Found a sacrificial altar of Ru.
    72 | D        | Found a shimmering blue altar of Sif Muna.
    72 | D        | Found a shimmering altar of Xom.
    72 | D        | Found a basalt altar of Yredelemnul.
    73 | D        | Found a viscous altar of Jiyva.
    73 | D        | Found a bloodstained altar of Trog.
    73 | D        | Found an ornate altar of the Wu Jian Council.
    74 | D        | Found an iron altar of Okawaru.
    74 | D        | Found a shadowy altar of Dithmenos.
    74 | D        | Found a glowing silver altar of Zin.
    75 | D        | Found an ancient bone altar of Kikubaaqudgha.
    75 | D        | Found a hide-covered altar of Uskayaw.
    76 | D        | Found a stormy altar of Qazlal.
    76 | D        | Found a white marble altar of Elyvilon.
    76 | D        | Found a glowing golden altar of the Shining One.
    77 | D        | Became a worshipper of Gozag Ym Sagoz the Greedy
    78 | D        | Found a corrupted altar of Lugonu.
    78 | D        | Found a radiant altar of Vehumet.
    83 | D        | Reached skill level 5 in Dodging
    83 | D        | Reached skill level 13 in Stealth
    83 | D        | Reached XP level 5. HP: 28/28 MP: 3/6
   239 | D        | Reached skill level 14 in Stealth
   267 | D        | Reached skill level 1 in Evocations
   277 | D        | Reached skill level 15 in Stealth
   277 | D        | Reached XP level 6. HP: 32/33 MP: 5/7
   306 | D        | Found Jaetiof's Distillery.
   306 | D        | Found Xuqeph's Weapon Emporium.
   313 | D        | Bought a potion of heal wounds for 65 gold pieces
   313 | D        | Bought a potion of might for 52 gold pieces
   313 | D        | Bought a potion of heal wounds for 65 gold pieces
   354 | D        | Noticed a burning bush
   354 | D        | Noticed a wandering mushroom
   356 | D        | Noticed a wandering mushroom
   363 | D        | HP: 1/33 [poisoned by a scorpion]
   364 | D        | Succumbed to a scorpion's poison

Illustrated notes

Levels and vault maps discovered:
D:        dungeon_sprint_fedhas [sprint_temple]

Skill      XL: |  1  2  3  4  5 |
---------------+----------------+-----
Dodging        | 2 3 4 5 6 |  6.1
Stealth        | 7 9 12 13 15 | 15.3
Fighting       | 2 3 |  3.9
Throwing       | 3 |  3.8
Short Blades   | 3 |  3.8
Evocations     | 2 |  2.0

Action                   |  1- 3 |  4- 6 || total
-------------------------+-------+-------++-------
Melee: Dagger            |     8 |     6 ||    14
Throw: Dart              |     9 |     5 ||    14
 Abil: Evoke Invisibilit |       |     4 ||     4
 Stab: Sleeping          |     2 |     2 ||     4
Dodge: Dodged            |     6 |     9 ||    15
